 Dungeon Crawl Stone Soup version 0.31-a0-965-g8a8ce12e04 (webtiles) character file.

Game seed: 9231423760154684771

2697 Shayle the Fighter (level 9, -21/98 HPs)
             Began as an Ogre Hexslinger on Oct 26, 2023.
             Was an Initiate of Ashenzari.
             Demolished by an orc warlord
             ... wielding a +7 battleaxe
              (29 damage)
             ... in a bailey.
             The game lasted 00:28:06 (8217 turns).

Shayle the Fighter (Ogre Hexslinger)                Turns: 8217, Time: 00:28:08

Health: -21/98     AC: 11    Str: 14    XL:     9   Next: 65%
Magic:  9/11       EV: 11    Int: 18    God:    Ashenzari [......]
Gold:   465        SH:  5    Dex: 11    Spells: 5/10 levels left

rFire   . . .        B - +9 sword of Zonguldrok {reap}
rCold   . . .        (no shield)
rNeg    . . .        o - +1 steam dragon scales
rPois   .            (helmet restricted)
rElec   .            (no cloak)
rCorr   .            (gloves unavailable)
SInv    +            (boots unavailable)
Will    .....        m - amulet of reflection
Stlth   +            D - +4 ring of protection
HPRegen 0.36/turn    y - ring of see invisible
MPRegen 0.12/turn

%: reflection
@: no status effects
A: large, unfitting armour, tough skin 1
a: Renounce Religion


You were in a bailey.
You worshipped Ashenzari.
Ashenzari was noncommittal.
You visited 2 branches of the dungeon, and saw 8 of its levels.
You also visited: Bailey.

You collected 556 gold pieces.
You spent 91 gold pieces at shops.

Inventory:

Hand Weapons
 a - a +1 sling
 e - a +3 short sword of freezing
 k - a +2 short sword of venom
 B - the +9 sword of Zonguldrok (weapon) {reap}
   (You found it on level 5 of the Dungeon)
 J - a +1 broad axe
 K - the +3 spear "Jyblin" {antimagic, rElec rPois Int+2}
   (You took it off a gnoll in a bailey)

   Int+2:     It affects your intelligence (+2).
   rElec:     It insulates you from electricity.
   rPois:     It protects you from poison
 P - a +4 war axe
Missiles
 F - a curare-tipped dart
Armour
 c - a +0 robe
 o - +1 steam dragon scales (worn)
Jewellery
 g - an amulet of the acrobat
 m - an amulet of reflection (around neck)
 y - a ring of see invisible (right hand)
 D - a +4 ring of protection (left hand)
Talismans
 n - a flux talisman
Wands
 t - a wand of flame (9)
 u - a wand of paralysis (3)
 E - a wand of quicksilver (1)
 H - a wand of polymorph (12) (quivered)
Scrolls
 f - 2 scrolls of torment
 l - 2 scrolls of fog
 q - a scroll of noise
 v - a scroll of immolation
 z - 6 scrolls of identify
 A - 2 scrolls of teleportation
 I - a scroll of brand weapon
 L - 2 scrolls of enchant armour
Potions
 d - 2 potions of degeneration
 h - a potion of invisibility {unknown}
 i - 3 potions of curing
 j - a potion of lignification
 p - 2 potions of might {unknown}
 r - a potion of attraction {unknown}
 s - 4 potions of haste {unknown}
 w - a potion of ambrosia {unknown}
 x - 2 potions of magic {unknown}
 C - a potion of brilliance {unknown}
 M - a potion of resistance {unknown}


   Skills:
 + Level 9.2 Fighting
 + Level 3.9 Long Blades
 - Level 1.4 Ranged Weapons
 + Level 6.5 Dodging
 + Level 6.1 Unarmed Combat
 - Level 1.4 Spellcasting
 - Level 2.7 Hexes
 - Level 1.0 Fire Magic


You had 5 spell levels left.
You knew the following spells:

 Your Spells              Type           Power      Damage    Failure   Level
a - Jinxbite              Hex            22%        N/A       10%         2
b - Inner Flame           Hex/Fire       8%         N/A       26%         3

Your spell library contained the following spells:

 Spells                   Type           Power      Damage    Failure   Level
 Sigil of Binding         Hex            11%        N/A       19%         3
 Cause Fear               Hex            5%         N/A       52%         4
 Dimensional Bullseye     Hex/Tloc       3%         N/A       71%         4
 Animate Dead             Necr           1%         N/A       88%         4
 Borgnjor's Vile Clutch   Necr/Erth      0%         N/A       99%         5
 Death Channel            Necr           0%         N/A       100%        6


Dungeon Overview and Level Annotations

Branches:
Dungeon (7/15)             Temple (1/1) D:6          Bailey (1/1)

Altars:
Ashenzari
Dithmenos
Elyvilon
Fedhas
Gozag
Hepliaklqana
Kikubaaqudgha
Makhleb
Nemelex Xobeh
Qazlal
Ru
Sif Muna
Trog
Uskayaw
Vehumet
Wu Jian
Xom
Yredelemnul
The Shining One

Shops:
D:1 [   D:2 (?([   D:6 *[[([

Annotations:
D:2 1 runed translucent door, Crazy Yiuf


Innate Abilities, Weirdness & Mutations

You are too large for most types of armour.
You have tough skin. (AC +1)


Message History

The orc warrior is engulfed in poison gas.
The orc warrior is poisoned.
You kill the orc warrior!
The orc warrior is engulfed in poison gas.
The orc warrior looks even sicker.
You kill the orc warrior!
The orc warlord is engulfed in poison gas.
The orc warlord looks as sick as possible!
Unknown command.
As you read the scroll labelled UXEOMM SEDDISA, it crumbles to dust.
It is a scroll of enchant weapon.
Your +0 broad axe glows red for a moment.
You kill your butterfly!
Your butterfly disappears in a burst of colours!
Your butterfly is poisoned. x2
The orc warlord looks as sick as possible!
Unknown command.
Okay, then.
Aiming: Polymorph
Press: ? - help, Shift-Dir - straight line, f - orc warlord
Aim: an orc warlord, wielding a +7 battleaxe and wearing a +0 chain mail (poison gas, lightly wounded, extremely poisoned, will become a storm dragon, a green draconian, or a catoblepas, chance to affect: 17%)
Okay, then.
Okay, then.
Okay, then.
Aiming: Paralyse
Press: ? - help, Shift-Dir - straight line, f - orc warlord
Aim: an orc warlord, wielding a +7 battleaxe and wearing a +0 chain mail (poison gas, lightly wounded, extremely poisoned, chance to affect: 17%)
The orc warlord resists with almost no effort.
You kill your butterfly!
Your butterfly disappears in a burst of colours!
You kill your butterfly!
Your butterfly disappears in a burst of colours!
The orc warlord is engulfed in poison gas.
The orc warlord looks as sick as possible!
Aiming: Paralyse
Press: ? - help, Shift-Dir - straight line, f/p - orc warlord
Aim: an orc warlord, wielding a +7 battleaxe and wearing a +0 chain mail (lightly wounded, extremely poisoned, chance to affect: 17%)
The orc warlord resists with almost no effort.
The orc warlord hits you with a +7 battleaxe!!
You die...

####### ##○§§○§## #§☼§§☼§§#
##○§§§☼§§## #§○○§§§§§§#
##☼§☼§☼@§§§##
#######§§○§§⌠o.○○§#######
##.....##§☼§§§§§§☼##.....##
#......§○§§§○○§○○§§§......#
##......○##§§§○§§§##☼§§....##
#.......[.#§○☼.§§○#..§○.....#
##......).[##88.88##.Z.§.....##
#.....⌠.)...###○###...))⌠.....#
#....)....###...###..)......#


You could see an orc warlord (extremely poisoned).

Vanquished Creatures
  Maggie (D:6)
  14 orc warriors (Bailey)
  2 black bears (D:5)
  A kobold brigand (D:6)
  A phantom (D:4)
  2 scorpions
  4 hounds
  An orc priest (D:2)
  A sleepcap (D:5)
  3 iguanas
  An orc wizard (D:2)
  Robin (D:1)
  11 gnolls
  9 adders
  A shadow imp (D:5)
  4 worms
  2 dart slugs
  9 orcs
  6 ball pythons
  7 endoplasms
  22 goblins
  19 hobgoblins
  9 kobolds
  4 quokkas
  5 bats
  2 frilled lizards (D:1)
  9 rats
151 creatures vanquished.

Vanquished Creatures (collateral kills)
  A hound (D:6)
  2 ufetubi (D:6)
  An orc (D:6)
  3 goblins (Bailey)
  3 kobolds (D:6)
10 creatures vanquished.

Vanquished Creatures (others)
  A scorpion zombie (D:6)
  An adder zombie (D:6)
  5 gnoll zombies (Bailey)
  4 goblin zombies
  6 hobgoblin zombies (Bailey)
  A kobold zombie (D:6)
  11 orc zombies (Bailey)
29 creatures vanquished.

Grand Total: 190 creatures vanquished

Notes
Turn   | Place    | Note
-------+----------+-------------------------------------------
     0 | D:1      | Shayle the Ogre Hexslinger began the quest for the Orb.
     0 | D:1      | Reached XP level 1. HP: 19/19 MP: 2/2
    64 | D:1      | Found a faded altar of an unknown god.
   131 | D:1      | Reached skill level 1 in Fire Magic
   156 | D:1      | Reached XP level 2. HP: 25/28 MP: 4/4
   317 | D:1      | Found Midoab's Armour Shoppe.
   375 | D:1      | Reached skill level 2 in Fighting
   605 | D:2      | Found Kutuqiy's Weapon Boutique.
   609 | D:2      | Reached XP level 3. HP: 35/36 MP: 5/5
   624 | D:2      | Reached skill level 1 in Unarmed Combat
   700 | D:2      | Noticed Robin
   735 | D:1      | Killed Robin
   736 | D:1      | Reached XP level 4. HP: 22/44 MP: 6/6
   839 | D:2      | Reached skill level 3 in Fighting
  1107 | D:2      | Found Juseit's Antique Armour Boutique.
  1199 | D:2      | Found a runed translucent door.
  1200 | D:2      | Noticed Crazy Yiuf
  1346 | D:2      | Found Taxt's Antique Weapon Boutique.
  1434 | D:2      | Found Anuvagas's Magic Scroll Boutique.
  1437 | D:2      | Bought a scroll of identify for 26 gold pieces
  1437 | D:2      | Bought a scroll of identify for 26 gold pieces
  1437 | D:2      | Bought a scroll of identify for 26 gold pieces
  1437 | D:2      | Bought a scroll of noise for 13 gold pieces
  1829 | D:2      | Reached XP level 5. HP: 41/54 MP: 7/7
  2210 | D:3      | Reached skill level 4 in Fighting
  2221 | D:3      | You fall into a shaft and drop 1 floor!
  2320 | D:3      | Found a blossoming altar of Fedhas.
  2320 | D:3      | Found a radiant altar of Vehumet.
  2597 | D:3      | Learned a level 2 spell: Jinxbite
  2601 | D:3      | Learned a level 3 spell: Inner Flame
  2865 | D:3      | Reached XP level 6. HP: 55/63 MP: 5/8
  3196 | D:4      | Paralysed by a gnoll for 3 turns
  3591 | D:4      | Reached skill level 5 in Fighting
  4409 | D:5      | Entered Level 5 of the Dungeon
  4431 | D:5      | Noticed a black bear
  4444 | D:5      | Killed a black bear
  4445 | D:5      | Reached XP level 7. HP: 42/72 MP: 6/9
  4901 | D:5      | Found the +9 sword of Zonguldrok {reap}
  4918 | D:5      | Reached skill level 6 in Fighting
  5864 | D:6      | Reached XP level 8. HP: 49/84 MP: 10/10
  6003 | D:6      | Found Paxaogez's Antique Armour Shoppe.
  6076 | D:6      | Found Ileiklec's Assorted Antiques.
  6196 | D:6      | Found Cureir's Armour Emporium.
  6238 | D:6      | Found a staircase to the Ecumenical Temple.
  6252 | D:6      | Found Ocrag's Weapon Emporium.
  6280 | D:6      | Noticed Maggie
  6307 | D:6      | Killed Maggie
  6308 | D:6      | Reached skill level 7 in Fighting
  6308 | D:6      | Reached skill level 1 in Long Blades
  6308 | D:6      | Reached skill level 5 in Dodging
  6809 | D:6      | Found Wiopsibi's Antique Armour Boutique.
  7073 | Temple   | Entered the Ecumenical Temple
  7112 | Temple   | Became a worshipper of Ashenzari the Shackled
  7202 | D:7      | Found a flagged portal.
  7213 | Bailey   | Entered a bailey
  7241 | Bailey   | Reached skill level 5 in Unarmed Combat
  7309 | Bailey   | Reached skill level 8 in Fighting
  7309 | Bailey   | Reached XP level 9. HP: 34/96 MP: 11/11
  7753 | Bailey   | Identified the +3 spear "Jyblin" {antimagic, rElec rPois
                  | Int+2}
  7876 | Bailey   | Reached skill level 9 in Fighting
  8207 | Bailey   | Noticed an orc warlord
  8217 | Bailey   | Demolished by an orc warlord

Illustrated notes

Levels and vault maps discovered:
D:1:      minmay_arrival_floating_metal, layout_basic, serial_shops,
          shop_statue, hellmonk_ecumenical_altar_lost_god
D:2:      layout_loops_ring, serial_shops, nicolae_shop_real_fake_doors, shop,
          nicolae_shop_crystal, shop, uniq_robin, uniq_crazy_yiuf_cottage
D:3:      layout_loops_ring, mainiacjoe_overflow_divided_tiny,
          kennysheep_cross_room
D:4:      layout_loops_cross, minmay_gold_behind_fungi
D:5:      layout_basic, grunt_ministairs_9, chequers_jeans
D:6:      layout_layer_cave, minmay_temple_entry_tees, serial_shops, shop,
          nicolae_stop_n_shop_1, nicolae_shop_peninsula,
          nicolae_shop_hallway_stairs, shop, uniq_maggie
D:7:      layout_rooms, enter_bailey_3
Temple:   bh_familiar_temple
Bailey:   bailey_axe_minmay_hex_keep, bailey

Skill      XL: |  1  2  3  4  5  6  7  8  9 |
---------------+----------------------------+-----
Fire Magic     | 1 |  1.0
Dodging        | 2 3 4 5 6 |  6.5
Fighting       | 2 3 4 5 6 8 9 |  9.2
Unarmed Combat | 1 2 3 4 5 6 |  6.1
Long Blades    | 2 3 |  3.9
Ranged Weapons | |  1.4
Spellcasting   | |  1.4
Hexes          | |  2.7

Action                     |  1- 3 |  4- 6 |  7- 9 || total
---------------------------+-------+-------+-------++-------
  Melee: Short sword       |    38 |   232 |    30 ||   300
         Punch             |     1 |     7 |     6 ||    14
         Double sword      |       |       |   158 ||   158
   Fire: Sling             |    51 |       |       ||    51
   Cast: Jinxbite          |       |     3 |    12 ||    15
         Inner Flame       |       |       |     1 ||     1
  Evoke: Wand              |       |     4 |     9 ||    13
    Use: Scroll            |       |    10 |     4 ||    14
         Potion            |       |       |     4 ||     4
   Stab: Sleeping          |       |     1 |       ||     1
         Distracted        |       |     1 |       ||     1
         Paralysed         |       |       |     8 ||     8
 Armour: Robe              |    50 |   198 |    69 ||   317
         Steam dragon scal |       |       |   106 ||   106
         Skin              |       |       |    69 ||    69
  Dodge: Dodged            |    29 |   113 |   119 ||   261
  Block: Other             |       |       |    74 ||    74

Table legend: (Time is in decaauts)
 A = Elapsed time spent in this place.
 B = Non-inter-level travel time spent in this place.
 C = Inter-level travel time spent in this place.
 D = Time resting spent in this place.
 E = Time spent auto-exploring this place.
 F = Levels seen in this place.
 G = Mean time per level.
                   A        B        C        D        E       F      G
               +--------+--------+--------+--------+--------+-----+--------+
         Total |   8302 |   7846 |    456 |   2078 |   4038 |   9 |  922.4 |
       Dungeon |   7198 |   6792 |    406 |   1392 |   4016 |   7 | 1028.3 |
        Temple |     60 |     10 |     50 |      0 |      0 |   1 |   60.0 |
        Bailey |   1042 |   1042 |      0 |    686 |     22 |   1 | 1042.0 |
               +--------+--------+--------+--------+--------+-----+--------+

Top non-repeatable levels by time:
     D:6: 1358 daAuts
     D:2: 1341 daAuts
     D:5: 1334 daAuts
     D:4: 1261 daAuts
     D:3: 1051 daAuts
  Bailey: 1042 daAuts
     D:1: 781 daAuts
     D:7: 69 daAuts
  Temple: 60 daAuts
